 Dungeon Crawl Stone Soup version 0.28-a0-440-ge3cd3e9c68 (console) character file.

Game seed: 10568297626739798761

466 nht the Spear-Bearer (level 7, -2/52 HPs)
             Began as a Merfolk Berserker on Sept 11, 2021.
             Was a Priest of Trog.
             Slain by a river rat (9 damage)
             ... summoned by Eustachio
             ... on level 4 of the Dungeon.
             The game lasted 00:05:40 (2682 turns).

nht the Spear-Bearer (Merfolk Berserker)            Turns: 2682, Time: 00:05:40

Health: -2/52      AC:  2    Str: 16 (17) XL:     7   Next: 8%
Magic:  7/7        EV: 12    Int:  4 (7)  God:    Trog [***...]
Gold:   130        SH:  0    Dex: 14 (17) Spells: 6/6 levels left

rFire   . . .      SeeInvis .   c - +0 trident
rCold   . . .      Faith    .   (no shield)
rNeg    . . .      Spirit   .   b - +0 animal skin
rPois   +          Reflect  .   (no helmet)
rElec   .          Harm     .   (no cloak)
rCorr   .          Rampage  .   (no gloves)
Will    .....                   (no boots)
Stlth   +.........              e - amulet of regeneration
HPRegen 1.17/turn               (no ring)
MPRegen 0.10/turn               (no ring)

@: on berserk cooldown, flying
A: (nimble swimmer 2), mertail, agile 1, poison resistance, screaming 1,
MP-powered wands
a: Renounce Religion, Berserk, Trog's Hand


You were on level 4 of the Dungeon.
You worshipped Trog.
Trog was most pleased with you.
You visited 1 branch of the dungeon, and saw 5 of its levels.

You collected 130 gold pieces.

Inventory:

Hand Weapons
 a - a +0 spear
 c - a +0 trident (weapon)
Missiles
 j - 27 poisoned darts
Armour
 b - a +0 animal skin (worn)
Jewellery
 e - an amulet of regeneration (around neck)
Potions
 k - a potion of mutation


   Skills:
 - Level 3.2 Fighting
 + Level 11.0 Polearms
 - Level 1.3 Armour
 - Level 2.6 Dodging


You had 6 spell levels left.
You didn't know any spells.
Your spell library was empty.

Dungeon Overview and Level Annotations

Branches:
Dungeon (5/15)
 Temple: D:4-7

Altars:

Annotations:
D:4 Eustachio


Innate Abilities, Weirdness & Mutations

((You are quick and stealthy near water. (Stealth+, EV+, Speed+++)))
Your lower body shifts to a powerful aquatic tail in water.
You are agile. (Dex +2)
Your system is resistant to poisons. (rPois)
You occasionally shout uncontrollably at your foes.
You expend magic power (3 MP) to strengthen your wands.


Message History

Your magical effects are unravelling.
You feel magically purged.
Your magical contamination has completely faded away.
You flicker back into view.
Your resistance to elements expires.
The orc hits you with a +0 hand axe.
* * * LOW HITPOINT WARNING * * *
The river rat bites you!
* * * LOW HITPOINT WARNING * * *
Eustachio misses you.
You feel much better. The orc hits you with a +0 hand axe!
The river rat bites you! Eustachio hits you with a +0 falchion!
* * * LOW HITPOINT WARNING * * *
It was a potion of flight.
You feel very buoyant.
You fly up into the air.
The orc hits you with a +0 hand axe.
* * * LOW HITPOINT WARNING * * *
The river rat barely misses you.
Eustachio screams, "This atrocity can only be purified with blood!"
Eustachio barely misses you.
It was a potion of curing.
You feel better. The orc barely misses you.
The river rat bites you but does no damage.
Eustachio hits you with a +0 falchion.
You closely miss Eustachio.
Eustachio is severely wounded.
The orc hits you with a +0 hand axe.
You hit Eustachio.
Eustachio is almost dead.
Eustachio calls on the powers of shadow!
Eustachio misses you. The river rat barely misses you.
The orc hits you with a +0 hand axe.
You hit Eustachio but do no damage.
Eustachio is almost dead.
The river rat misses you. Eustachio hits you with a +0 falchion!
* * * LOW HITPOINT WARNING * * *
You hit Eustachio.
Eustachio is almost dead.
The orc hits you with a +0 hand axe.
* * * LOW HITPOINT WARNING * * *
The river rat twitches its whiskers.
The river rat bites you!
You die...

██...███.███....
███.█..███........
█..███...)█████.█.
█.██ █....█ ██..
██.███....█ █.█.
██..██..██████...
██............█.
██...██████..██
███ ██.██ ██.█


█o██ ██.█ █.██ ██@███.[██ ██... █@r█....█ █..... ██br███........... ██r██
....████... █)██ ....█ █.██ █§█ ..█.█ █. █..█ ..█.█ █. █ █.█.. ..█ . █. █
..██... █. ███ ██.o. █.. .... ██. You could see Eustachio, 2 river rats, an orc,
a quokka (summoned) and a bat (summoned).

Vanquished Creatures
  An ogre (D:4)
  Blork the orc (D:4)
  A hound (D:4)
  2 jellies (D:4)
  An orc priest (D:4)
  Jessica (D:3)
  Ijyb (D:4)
  A hound skeleton (D:4)
  3 adders
  An adder skeleton (D:4)
  3 worms
  3 dart slugs
  10 orcs
  3 ball pythons
  5 bats
  8 endoplasms
  9 hobgoblins
  5 jackals
  2 quokkas
  2 frilled lizards
  5 goblins
  7 kobolds
  4 rats
79 creatures vanquished.

Notes
Turn   | Place    | Note
-------+----------+-------------------------------------------
     0 | D:1      | nht the Merfolk Berserker began the quest for the Orb.
     0 | D:1      | Reached XP level 1. HP: 18/18 MP: 1/1
   214 | D:1      | Reached skill level 5 in Polearms
   216 | D:1      | Reached XP level 2. HP: 24/24 MP: 2/2
   837 | D:2      | Reached skill level 6 in Polearms
   837 | D:2      | Reached XP level 3. HP: 25/29 MP: 3/3
  1042 | D:2      | Found a faded altar of an unknown god.
  1115 | D:2      | Reached ** piety under Trog
  1303 | D:2      | Reached XP level 4. HP: 31/35 MP: 4/4
  1304 | D:2      | Reached skill level 7 in Polearms
  1667 | D:3      | Noticed Jessica
  1675 | D:3      | Killed Jessica
  1676 | D:3      | Reached skill level 8 in Polearms
  1676 | D:3      | Reached XP level 5. HP: 32/41 MP: 5/5
  2042 | D:4      | Reached skill level 9 in Polearms
  2099 | D:4      | Noticed Ijyb
  2103 | D:4      | Noticed an ogre
  2104 | D:4      | Killed Ijyb
  2108 | D:4      | Killed an ogre
  2109 | D:4      | Reached skill level 10 in Polearms
  2109 | D:4      | Reached XP level 6. HP: 47/47 MP: 6/6
  2465 | D:4      | Reached *** piety under Trog
  2631 | D:4      | Noticed Eustachio
  2631 | D:4      | Noticed Blork the orc
  2643 | D:4      | Killed Blork the orc
  2644 | D:4      | Reached skill level 11 in Polearms
  2644 | D:4      | Reached XP level 7. HP: 52/52 MP: 7/7
  2652 | D:5      | Entered Level 5 of the Dungeon
  2663 | D:4      | HP: 2/52 [Eustachio (11)]
  2666 | D:4      | Gained mutation: Your system is resistant to poisons.
                  | (rPois) [potion of mutation]
  2666 | D:4      | Gained mutation: You expend magic power (3 MP) to
                  | strengthen your wands. [potion of mutation]
  2666 | D:4      | Gained mutation: You occasionally shout uncontrollably at
                  | your foes. [potion of mutation]
  2666 | D:4      | Gained mutation: You are agile. (Dex +2) [potion of
                  | mutation]
  2682 | D:4      | Slain by a river rat

Illustrated notes

Levels and vault maps discovered:
D:1:      dpeg_arrival_refuge, layout_basic, minmay_misc_feat_nine_boxes
D:2:      minmay_skewed_foursquare, layout_rooms, basic_ecumenical_altar,
          st_stairs_13
D:3:      layout_rooms, uniq_jessica
D:4:      layout_layer_cave, st_stairs_13, uniq_eustachio, uniq_ijyb,
          uniq_blork_the_orc
D:5:      layout_basic, supply_closet_lemuel, uniq_grinder

Skill      XL: |  1  2  3  4  5  6 |
---------------+-------------------+-----
Polearms       | 5 6 8 10 11 | 11.0
Fighting       | |  3.2
Armour         | |  1.3
Dodging        | |  2.6

Action                   |  1- 3 |  4- 6 |  7- 9 || total
-------------------------+-------+-------+-------++-------
Melee: Spear             |   112 |    42 |       ||   154
       Trident           |       |    67 |    20 ||    87
Invok: Berserk           |     2 |     5 |       ||     7
Evoke: Wand              |       |    21 |       ||    21
  Use: Scroll            |       |     5 |       ||     5
       Potion            |       |       |    10 ||    10
 Stab: Sleeping          |     2 |     3 |       ||     5
       Invisible         |       |       |     2 ||     2
Armor: Animal skin       |    14 |    12 |     3 ||    29
Dodge: Dodged            |    35 |    41 |    53 ||   129

Table legend: (Time is in decaauts)
 A = Elapsed time spent in this place.
 B = Non-inter-level travel time spent in this place.
 C = Inter-level travel time spent in this place.
 D = Time resting spent in this place.
 E = Time spent auto-exploring this place.
 F = Levels seen in this place.
 G = Mean time per level.
                   A        B        C        D        E       F      G
               +--------+--------+--------+--------+--------+-----+--------+
         Total |   2693 |   2539 |    154 |     55 |   1944 |   5 |  538.6 |
       Dungeon |   2693 |   2539 |    154 |     55 |   1944 |   5 |  538.6 |
               +--------+--------+--------+--------+--------+-----+--------+

Top non-repeatable levels by time:
     D:1: 897 daAuts
     D:4: 736 daAuts
     D:2: 644 daAuts
     D:3: 408 daAuts
     D:5: 5 daAuts
